 Dungeon Crawl Stone Soup version bcrawl-1.41 (webtiles) character file.

Game seed: 14138784284990800009

515115 TheWayOfAllFlesh the Bludgeoner (level 13, -1/126 HPs)
             Began as a Twilight Stalker Berserker on Apr 11, 2024.
             Was a High Priest of Trog.
             Killed from afar by a steam dragon (8 damage)
             ... with a ball of steam
             ... in a volcano.
             The game lasted 00:23:50 (11686 turns).

TheWayOfAllFlesh the Bludgeoner (VSBe)             Turns: 11686, Time: 00:23:50

Health: -1/126     AC: 17    Str: 37    XL:     13   Next: 26%
Magic:  7/7        EV:  9    Int:  9    God:    Trog [*****.]
Gold:   500        SH:  0    Dex: 10    Spells: 12/12 levels left

rFire    . . .     GDR:     23% K - +7 great mace "Zeimmojo" {antimagic, rPois rN+ MR+ Int+2 Dex-4}
rCold    . . .     SeeInvis .   (shield currently unavailable)
rNeg     + . .     Gourm    .   W - +0 plate armour
rPois    +         Faith    +   (no helmet)
rElec    .         Spirit   .   h - +2 cloak
rCorr    .         Reflect  .   t - +1 pair of gloves
MR       +++++                  w - +0 pair of boots
Stlth    ..........             A - amulet of faith
HPRegen  2.31/turn              y - ring of protection from magic
MPRegen  0.10/turn              R - +7 ring of strength

@: berserking, regenerating, very quick
A: fangs 3, nightstalker 2, regeneration 1, no potion heal 3, rot immunity,
draining bite, strong jaws, assimilated armour
a: Berserk, Trog's Hand, Brothers in Arms, Renounce Religion


You were in a volcano.
You worshipped Trog.
Trog was extremely pleased with you.
You were very hungry.

You visited 2 branches of the dungeon, and saw 13 of its levels.
You also visited: Volcano.

You collected 831 gold pieces.
You spent 331 gold pieces at shops.

Inventory:

Hand Weapons
 K - the +7 great mace "Zeimmojo" (weapon) {antimagic, rPois rN+ MR+ Int+2 Dex-4}
   (Trog gifted it to you on level 6 of the Dungeon)

   It reduces the magical energy of the wielder, and disrupts the spells and
   magical abilities of those hit.
   Natural abilities and divine invocations are not affected.
   It affects your intelligence (+2).
   It affects your dexterity (-4).
   It protects you from poison.
   It protects you from negative energy.
   It affects your resistance to hostile enchantments.
 X - the +6 great mace of Xezox {crush, +Inv rN++}
   (Trog gifted it to you on level 11 of the Dungeon)

   It will always inflict at least some extra damage.
   This minimum extra damage increases with your current reserve of magical
   power.
   It greatly protects you from negative energy.
   It lets you turn invisible.
Missiles
 n - 334 poisoned tomahawks (quivered)
Armour
 h - a +2 cloak (worn)
 t - a +1 pair of gloves (worn)
 w - a +0 pair of boots (worn)
 V - a +0 chain mail of cold resistance
 W - a +0 plate armour (worn)
Jewellery
 a - an uncursed ring of resist corrosion
 f - an uncursed ring of insulation
 y - a ring of protection from magic (left hand)
 A - an amulet of faith (around neck)
 M - an uncursed amulet of magic regeneration {unknown}
 R - a +7 ring of strength (right hand)
 T - an uncursed amulet of the gourmand {unknown}
 U - an uncursed ring of see invisible
Wands
 z - a wand of iceblast (4)
 F - a wand of scattershot (3)
 H - a wand of digging (16)
 P - a wand of disintegration (15)
 Q - a wand of flame (25)
Scrolls
 c - a scroll of fear
 d - a scroll of immolation
 k - 6 scrolls of enchant weapon
 m - 6 scrolls of teleportation
 p - a scroll of amnesia
 r - 3 scrolls of remove curse
 D - 2 scrolls of blinking
 G - a scroll of fog
 I - 3 scrolls of enchant armour
 N - a scroll of revelation
 O - 3 scrolls of noise
Potions
 g - 3 potions of curing
 j - 2 potions of berserk rage
 l - 2 potions of ambrosia
 o - a potion of agility
 q - 2 potions of haste
 s - a potion of lignification
 u - a potion of might
 x - 2 potions of cancellation
 B - a potion of invisibility {unknown}
 C - 3 potions of heal wounds
 E - a potion of brilliance {unknown}
 J - a potion of magic {unknown}
 L - 2 potions of mutation
Comestibles
 e - 20 rations {!d}


   Skills:
 + Level 11.4 Fighting
 * Level 16.2 Maces & Flails
 + Level 1.7 Armour
 - Level 2.1 Dodging


You had 12 spell levels left.
You didn't know any spells.
Your spell library was empty.

Dungeon Overview and Level Annotations

Branches:
Dungeon (11/12)            Temple (0/1) D:5            Lair (2/6) D:7
    Orc (0/1) D:10
  Swamp: Lair:2-4    Shoals: Lair:2-4     Snake: Lair:2-4    Spider: Lair:2-4
 Vaults: D:11-12

Altars:
Fedhas
Kikubaaqudgha
Makhleb
Qazlal
Sif Muna
Trog
Wu Jian
Xom
Yredelemnul
The Shining One

Shops:
D:6 %(:   D:7 ?   D:9 (


Innate Abilities, Weirdness & Mutations

You have razor-sharp teeth.
You are significantly more attuned to the shadows.
Your natural rate of healing is unusually fast.
Potions cannot restore your health.
You are immune to rotting.
Your bite drains your enemy's life force.
Your bites deal extra damage.
Your stealth is less affected by armour.


Message History

Trog accepts your kill.
You hear an angry hiss.
The fire bat closely misses you. The fire bat bites you.
* * * LOW HITPOINT WARNING * * *
You are engulfed in flames.
* * * LOW HITPOINT WARNING * * *
A steam dragon comes into view.
A hell hound comes into view.
You closely miss the fire bat.
The hell hound barks!
Your bite misses the fire bat.
The fire bat is almost dead.
The fire bat closely misses you. The fire bat bites you.
* * * LOW HITPOINT WARNING * * *
You are engulfed in flames.
* * * LOW HITPOINT WARNING * * *
A fire bat comes into view.
The steam dragon breathes steam at you. The ball of steam hits you!
You die...

.# . ## .?[
..##.###.#
##h...#.#
.b.....####
#..@b.§h.
#.§..§#.#
##§.b.#
§.#.#.# ..#
.#.# D!. .#
.


You could see 2 hell hounds and 3 fire bats.

Vanquished Creatures
  6 hydras
  Psyche (D:11)
  4 two-headed ogres
  A tengu warrior (D:9)
  A deep elf knight (D:11)
  2 centaur warriors
  Pikel (D:8)
  A cyclops (D:11)
  A faun (shapeshifter) (D:11)
  3 ugly things
  A gargoyle (D:10)
  2 cane toads (Lair:1)
  A rime drake (Lair:1)
  A komodo dragon (D:11)
  2 eyes of draining
  A tengu conjurer (D:9)
  A troll (D:7)
  Prince Ribbit (D:8)
  3 harpy skeletons
  2 dream sheep (D:8)
  2 meliai zombies (D:10)
  A shadow (D:10)
  Sigmund (D:6)
  A wyvern (D:9)
  A wraith (D:10)
  3 fire bats (Volcano)
  17 yaks
  A basilisk (Lair:1)
  3 wargs
  Edmund (D:4)
  3 crocodiles
  4 water moccasins
  A black bear (D:6)
  8 orc warriors
  3 ice beasts
  2 ogres
  2 sky beasts
  2 phantoms
  6 wolves (Lair:1)
  6 bullfrogs
  5 kobold brigands
  A wyvern skeleton (D:7)
  6 centaurs
  2 scorpions
  17 killer bees
  2 electric eels (D:7)
  9 orc priests
  6 crimson imps
  A bullfrog zombie (D:8)
  6 jellies
  4 hounds
  9 orc wizards
  2 bullfrog skeletons
  A gnoll shaman (D:6)
  3 iron imps (D:8)
  2 iguanas
  5 worker ants
  A porcupine skeleton (D:10)
  A hound zombie (D:6)
  2 hound skeletons
  A worker ant zombie (D:9)
  A howler monkey skeleton (D:6)
  10 adders
  2 shadow imps (D:5)
  9 oozes (D:3)
  2 adder skeletons
  An adder zombie (D:5)
  3 worms
  2 dart slugs (D:1)
  5 leopard geckos
  44 orcs
  3 bats
  4 giant cockroaches
  9 goblins
  5 hobgoblins
  4 jackals
  9 quokkas
  A ball python (D:2)
  3 frilled lizards (D:1)
  37 kobolds
  7 rats
  A plant (D:1)
352 creatures vanquished.

Vanquished Creatures (others)
  A fungus (D:3)
  12 toadstools (D:3)
13 creatures vanquished.

Grand Total: 365 creatures vanquished

Notes
Turn   | Place    | Note
-------+----------+-------------------------------------------
     0 | D:1      | TheWayOfAllFlesh the Vine Stalker Berserker began the quest
                  | for the Orb.
     0 | D:1      | Reached XP level 1. HP: 13/13 MP: 2/2
    70 | D:1      | Reached skill level 3 in Maces & Flails
    76 | D:1      | Reached XP level 2. HP: 18/18 MP: 3/3
   348 | D:1      | Reached ** piety under Trog
   472 | D:1      | Reached XP level 3. HP: 20/22 MP: 4/4
  1174 | D:2      | Noticed a sky beast
  1194 | D:2      | Killed a sky beast
  1195 | D:2      | Reached skill level 5 in Maces & Flails
  1195 | D:2      | Reached XP level 4. HP: 27/27 MP: 5/5
  1195 | D:2      | Reached XP level 5. HP: 31/31 MP: 6/6
  2483 | D:3      | Reached *** piety under Trog
  2492 | D:3      | Gained mutation: You have razor-sharp teeth. [Vine Stalker
                  | growth]
  2492 | D:3      | Reached XP level 6. HP: 30/36 MP: 7/7
  2496 | D:3      | Reached skill level 6 in Maces & Flails
  2498 | D:3      | HP: 2/54 [acid (5)]
  2709 | D:3      | Found a basalt altar of Yredelemnul.
  3248 | D:4      | Noticed Edmund
  3304 | D:4      | Killed Edmund
  3305 | D:4      | Reached skill level 7 in Maces & Flails
  3305 | D:4      | Reached XP level 7. HP: 40/40 MP: 8/8
  3531 | D:4      | Reached skill level 8 in Maces & Flails
  3565 | D:4      | Found a stormy altar of Qazlal.
  3573 | D:4      | Found a blossoming altar of Fedhas.
  3579 | D:4      | Reached **** piety under Trog
  3587 | D:4      | Found a shimmering altar of Xom.
  3792 | D:5      | Entered Level 5 of the Dungeon
  3854 | D:5      | Gained mutation: Your bite drains your enemy's life force.
                  | [Twilight Stalker growth]
  3854 | D:5      | Gained mutation: Your stealth is less affected by armour.
                  | [Twilight Stalker growth]
  3854 | D:5      | Gained mutation: You are slightly more attuned to the
                  | shadows. [Twilight Stalker growth]
  3854 | D:5      | Reached XP level 8. HP: 12/45 MP: 8/9
  4008 | D:5      | Reached skill level 9 in Maces & Flails
  4046 | D:5      | Found a shimmering blue altar of Sif Muna.
  4095 | D:5      | Found a bloodstained altar of Trog.
  4379 | D:5      | Found a staircase to the Ecumenical Temple.
  4488 | D:5      | Found a bloodstained altar of Trog.
  4566 | D:6      | Found Ogogiec's Food Boutique.
  4724 | D:6      | Reached skill level 10 in Maces & Flails
  4740 | D:6      | Reached XP level 9. HP: 47/52 MP: 10/10
  4804 | D:6      | Found an ornate altar of the Wu Jian Council.
  4903 | D:6      | Found Siaphu's Book Shoppe.
  4950 | D:6      | Found Wul Ilum's Antique Weapon Boutique.
  4951 | D:6      | Noticed Sigmund
  4961 | D:6      | Killed Sigmund
  5209 | D:6      | Found a stormy altar of Qazlal.
  5236 | D:6      | Reached skill level 5 in Fighting
  5282 | D:6      | Reached ***** piety under Trog
  5639 | D:7      | Noticed a troll
  5648 | D:7      | Killed a troll
  5649 | D:7      | Reached skill level 11 in Maces & Flails
  5677 | D:7      | Found a staircase to the Lair.
  5780 | D:7      | Reached XP level 10. HP: 43/61 MP: 11/11
  5874 | D:6      | Received a gift from Trog
  5882 | D:6      | Got a jewelled great mace {god gift}
  5885 | D:6      | Identified the +7 great mace "Zeimmojo" {antimagic, rPois
                  | rN+ MR+ Int+2 Dex-4} (Trog gifted it to you on level 6 of
                  | the Dungeon)
  6007 | D:7      | Found a glowing golden altar of the Shining One.
  6238 | D:7      | Found Umiasu's Magic Scroll Shop.
  6245 | D:7      | Bought a scroll of identify for 26 gold pieces
  6245 | D:7      | Bought a scroll of teleportation for 39 gold pieces
  6245 | D:7      | Bought a scroll of fear for 65 gold pieces
  6245 | D:7      | Bought a scroll of blinking for 97 gold pieces
  6245 | D:7      | Bought a scroll of revelation for 52 gold pieces
  6245 | D:7      | Bought a scroll of identify for 26 gold pieces
  6245 | D:7      | Bought a scroll of identify for 26 gold pieces
  6625 | D:8      | Noticed Prince Ribbit
  6810 | D:8      | Killed Prince Ribbit
  6811 | D:8      | Reached skill level 12 in Maces & Flails
  6900 | D:8      | Noticed Pikel
  6906 | D:8      | Killed Pikel
  6915 | D:8      | Noticed Psyche
  6980 | D:8      | Noticed a two-headed hydra
  6984 | D:8      | Killed a two-headed hydra
  6985 | D:8      | Reached XP level 11. HP: 58/69 MP: 6/12
  7235 | D:8      | Reached skill level 13 in Maces & Flails
  7275 | D:8      | Found a burning altar of Makhleb.
  7282 | D:8      | Got a masterwork hand axe
  7458 | D:9      | Found Meqosuud's Antique Weapon Emporium.
  7478 | D:9      | Noticed a two-headed ogre
  7483 | D:9      | Killed a two-headed ogre
  7535 | D:9      | Found an ancient bone altar of Kikubaaqudgha.
  7623 | D:9      | Noticed a centaur warrior
  7831 | D:9      | Noticed a seven-headed hydra
  7841 | D:9      | Killed a seven-headed hydra
  7845 | D:9      | Killed a centaur warrior
  7906 | D:9      | Noticed a tengu warrior
  7919 | D:9      | Killed a tengu warrior
  8037 | D:9      | Found a burning altar of Makhleb.
  8402 | D:10     | Entered Level 10 of the Dungeon
  8434 | D:10     | Received a gift from Trog
  8586 | D:10     | Noticed a seven-headed hydra
  8594 | D:10     | Killed a seven-headed hydra
  8595 | D:10     | Reached skill level 14 in Maces & Flails
  8991 | D:10     | Gained mutation: You are significantly more attuned to the
                  | shadows. [Twilight Stalker growth]
  8991 | D:10     | Reached XP level 12. HP: 70/77 MP: 6/13
  9044 | D:10     | Noticed a two-headed ogre
  9244 | D:10     | Noticed an eight-headed hydra
  9249 | D:10     | Killed an eight-headed hydra
  9250 | D:10     | Reached skill level 10 in Fighting
  9474 | D:10     | Killed a two-headed ogre
  9498 | D:10     | Found a staircase to the Orcish Mines.
  9880 | D:11     | Reached skill level 15 in Maces & Flails
  9898 | D:11     | Noticed a centaur warrior
  9905 | D:11     | Killed a centaur warrior
  9978 | D:11     | Noticed a two-headed ogre
  9982 | D:11     | Killed a two-headed ogre
  9982 | D:11     | Received a gift from Trog
  9989 | D:11     | Got a shimmering great mace {god gift}
  9991 | D:11     | Identified the +6 great mace of Xezox {crush, +Inv rN++}
                  | (Trog gifted it to you on level 11 of the Dungeon)
 10036 | D:11     | Noticed a two-headed ogre
 10040 | D:11     | Killed a two-headed ogre
 10319 | D:11     | Noticed a six-headed hydra
 10322 | D:11     | Killed a six-headed hydra
 10323 | D:11     | Killed Psyche
 10324 | D:11     | Noticed a deep elf knight
 10327 | D:11     | Killed a deep elf knight
 10328 | D:11     | Reached XP level 13. HP: 64/84 MP: 7/14
 10826 | Lair:1   | Entered Level 1 of the Lair of Beasts
 11008 | Lair:1   | Reached skill level 16 in Maces & Flails
 11607 | Lair:2   | Found a dark tunnel.
 11672 | Volcano  | Entered a volcano
 11686 | Volcano  | Killed from afar by a steam dragon

Skill      XL: |  1  2  3  4  5  6  7  8  9 10 11 12 13 |
---------------+----------------------------------------+-----
Maces & Flails | 3 5 7 8 10 11 12 14 15 16 | 16.2
Fighting       | 3 6 8 9 11 | 11.4
Armour         | |  1.7
Dodging        | |  2.1

Action                   |  1- 3 |  4- 6 |  7- 9 | 10-12 | 13-15 || total
-------------------------+-------+-------+-------+-------+-------++-------
Melee: Mace              |    72 |   185 |     3 |       |       ||   260
       Bite              |     9 |    23 |    31 |    36 |     8 ||   107
       Flail             |       |       |   215 |    16 |       ||   231
       Great mace        |       |       |       |   289 |    74 ||   363
Throw: Tomahawk          |     5 |       |     9 |     6 |       ||    20
Invok: Berserk           |     2 |     4 |     3 |    11 |     2 ||    22
       Trog's Hand       |       |       |       |     1 |     1 ||     2
Evoke: Wand              |       |       |     1 |     1 |       ||     2
  Use: Scroll            |       |     2 |     9 |    10 |     2 ||    23
 Stab: Sleeping          |       |     1 |     2 |     3 |       ||     6
       Distracted        |       |       |     1 |       |       ||     1
  Eat: Chunk             |     3 |     9 |    17 |    26 |     8 ||    63
       Ration            |       |     2 |       |     2 |       ||     4
Armor: Animal skin       |     4 |    40 |       |       |       ||    44
       Scale mail        |       |       |    85 |   149 |       ||   234
       Plate armour      |       |       |       |    33 |   102 ||   135
Dodge: Dodged            |    33 |   108 |   112 |   186 |    65 ||   504
